AoeStats
← crux_dy164

Coastal Forest

510515232Analyzed
4v4 RM · 2d ago on Oct 1, 2026· 16m 41s· 8 players
Game mode
Random Map
Map size
Large (8 player)
Population
200
Speed
Normal
Resources
Standard
Victory
Conquest
Starting age
Dark Age
Ending age
Imperial Age
RankedLock teamsTeams togetherTeam positionsShared explorationLock speedFull tech treeHidden civsTurbo modeCheats
Victory
Defeat
🇨🇳 Italians · China
1389
+10
🇩🇪 Wei · Germany
1356
+12
🇨🇳 Koreans · China
1345
+12
🇨🇳 Franks · China
1337
+12
🇨🇳 Inca · China
1300
-12
🇩🇪 Varangians · Germany
1264
-12
🇳🇴 Chinese · Norway
1236
-11
🇰🇬 Hindustanis · Kyrgyzstan
1233
-11
Cuba Calibre
7:09 Loom
10:04 Feudal Age
13:35 Castle Age
12:12 Double-Bit Axe
12:10 Horse Collar
14:28 Scale Mail Armor
Gin
0:40 Loom
11:20 Feudal Age
French Connection
11:04 Feudal Age
15:37 Castle Age
14:38 Double-Bit Axe
14:47 Stone Mining
14:49 Gold Mining
16:22 Wheelbarrow
Respected Mr.Lang
7:55 Loom
8:01 Loom
11:38 Feudal Age
AOE2.GG | NONO
8:18 Loom
11:14 Feudal Age
13:13 Double-Bit Axe
16:04 Castle Age
13:57 Horse Collar
14:35 Gold Mining
15:24 Stone Mining
16:52 Wheelbarrow
羊了个羊
5:19 Loom
10:27 Feudal Age
16:04 Castle Age
14:24 Double-Bit Axe
16:15 Scale Barding Armor
The Long Dark
4:51 Loom
9:28 Feudal Age
13:13 Horse Collar
13:19 Double-Bit Axe
crux_dy164
6:19 Loom
8:52 Feudal Age
Connection lost

Rejoining the realm…

Still unreachable

The connection could not be restored.

Session expired

The server has moved on; the page needs a fresh start.